[Event "ICC tourney 2918 (30 10)"]
[Site "Internet Chess Club"]
[Date "2022.05.21"]
[Round "2"]
[White "CHEN, RYO WENYU:e4f5"]
[Black "LIANG, YU-CHENG:Yucheng"]
[Result "1/2-1/2"]
[ICCResult "Game drawn by mutual agreement"]
[WhiteElo "2284"]
[BlackElo "1994"]
[Opening "Caro-Kann: classical, Spassky variation"]
[ECO "B19"]
[NIC "CK.12"]
[Time "14:00:18"]
[PlyCount "104"]
[TimeControl "1800+10"]

1. e4 c6 2. d4 d5 3. Nd2 dxe4 4. Nxe4 Bf5 5. Ng3 Bg6 6. h4 h6 7. Nf3 Nd7 8.
h5 Bh7 9. Bd3 Bxd3 10. Qxd3 e6 11. Bd2 Qc7 12. O-O-O Ngf6 13. Ne4 Nxe4 14.
Qxe4 Nf6 15. Qe2 O-O-O 16. c4 c5 17. Rh4 Bd6 18. Bc3 cxd4 19. Rhxd4 Rd7 20.
Nd2 Rhd8 21. Nb3 Bf4+ 22. Kc2 Rxd4 23. Rxd4 Rxd4 24. Nxd4 Qc5 25. g3 Bb8 26.
g4 Qe5 27. f3 Nd7 28. b3 Qxe2+ 29. Nxe2 Be5 30. Kd3 Bxc3 31. Nxc3 a6 32. Kd4
Kc7 33. Ne4 Kc6 34. b4 b6 35. a4 f6 36. b5+ axb5 37. axb5+ Kc7 38. c5 f5 39.
gxf5 exf5 40. cxb6+ Kxb6 41. Nd6 Nf6 42. Nxf5 Nxh5 43. Kc4 Nf4 44. Nxg7 Ng6
45. Kd5 Kxb5 46. Ke6 Kc6 47. Nh5 Kc5 48. Kf6 Nh4 49. f4 Ng2 50. f5 Ne3 51.
Kg6 Nxf5 52. Kxf5 Kd4 {Game drawn by mutual agreement} 1/2-1/2

[Event "ICC tourney 2918 (30 10)"]
[Site "Internet Chess Club"]
[Date "2022.05.21"]
[Round "2"]
[White "QUIRKE, JEFFREY L:PawnEatingZombi"]
[Black "Shlyakhtenko, Robert:Robert0905"]
[Result "0-1"]
[ICCResult "White resigns"]
[WhiteElo "2029"]
[BlackElo "2417"]
[Opening "QGD: Tarrasch defense"]
[ECO "D32"]
[NIC "TD.11"]
[Time "14:00:17"]
[PlyCount "132"]
[TimeControl "1800+10"]

1. d4 d5 2. c4 e6 3. Nc3 c5 4. cxd5 exd5 5. Nf3 Nc6 6. dxc5 d4 7. Na4 Bxc5
8. Nxc5 Qa5+ 9. Bd2 Qxc5 10. Rc1 Qb6 11. e3 Nf6 12. Bc4 dxe3 13. Bxe3 Qb4+
14. Nd2 O-O 15. O-O Qxb2 16. Bb3 Ng4 17. Nc4 Qf6 18. Nd6 Be6 19. Nxb7 Qe5
20. Qd6 Bxb3 21. axb3 Nxe3 22. Qxe5 Nxe5 23. fxe3 Rac8 24. Rfd1 g6 25. h3
Kg7 26. Kf1 f5 27. Ke2 Kf6 28. Nd6 Rb8 29. Rc7 Rxb3 30. Rxa7 Rb2+ 31. Kf1 h5
32. Ra5 Rc2 33. Rdd5 Rb8 34. Rab5 Ra8 35. Ra5 Rb8 36. Rab5 Rxb5 37. Nxb5 Nc4
38. Rd3 Kg5 39. Nd4 Rc1+ 40. Kf2 Kf6 41. Rb3 Ra1 42. h4 Ra2+ 43. Ne2 Ne5 44.
Rb6+ Kf7 45. Rb7+ Ke6 46. Rb6+ Ke7 47. Rb7+ Kd6 48. Rb6+ Kc5 49. Rb8 Nd3+
50. Kf3 Ne1+ 51. Kf2 Nxg2 52. Kxg2 Rxe2+ 53. Kf3 Re1 54. Rd8 Rg1 55. e4
fxe4+ 56. Kxe4 Rg4+ 57. Ke5 Rxh4 58. Rc8+ Kb4 59. Kf6 Rg4 60. Rc1 h4 61. Kg7
h3 62. Rh1 Rg3 63. Kf6 Kc3 64. Ke5 g5 65. Ke4 Kd2 66. Rh2+ Ke1 {White
resigns} 0-1

[Event "ICC tourney 2918 (30 10)"]
[Site "Internet Chess Club"]
[Date "2022.05.21"]
[Round "2"]
[White "MAMMADOV, ZAUR:zaur94"]
[Black "REDDY, SATVIK:chesslead"]
[Result "1/2-1/2"]
[ICCResult "Game drawn by repetition"]
[WhiteElo "2571"]
[BlackElo "2133"]
[Opening "Pirc defense"]
[ECO "B07"]
[NIC "PU.08"]
[Time "14:00:28"]
[PlyCount "257"]
[TimeControl "1800+10"]

1. e4 d6 2. d4 Nf6 3. Bd3 Nbd7 4. Nf3 e5 5. dxe5 dxe5 6. O-O c6 7. Nbd2 Qc7
8. b3 Bc5 9. Bb2 O-O 10. Nc4 Re8 11. a4 b5 12. axb5 cxb5 13. Ne3 Rb8 14. Qe2
a6 15. Rfd1 Bb7 16. Nf5 Qb6 17. h3 Nh5 18. Nxe5 Nxe5 19. Qxh5 Bxf2+ 20. Kh1
g6 21. Nh6+ Kf8 22. Qe2 Bc5 23. Rf1 Bd4 24. Rf6 Qxf6 25. Bxd4 Qg5 26. Be3
Qe7 27. Rf1 Kg7 28. Qf2 Rf8 29. Qg3 Bc8 30. b4 Qe8 31. Bc5 Rb7 32. Nf5+ Bxf5
33. exf5 Nxd3 34. f6+ Kh8 35. Bxf8 Qxf8 36. Qxd3 h6 37. Re1 Kh7 38. Qd4 Rc7
39. c3 Rb7 40. Re5 Rc7 41. Rc5 Rb7 42. h4 Qe8 43. h5 Rd7 44. hxg6+ fxg6 45.
Qf4 Rf7 46. Rc7 Qe6 47. Kh2 g5 48. Rxf7+ Qxf7 49. Qf5+ Qg6 50. Qf3 Kh8 51.
Kg3 h5 52. Qa8+ Kh7 53. Qb7+ Kh8 54. Qe7 Kg8 55. Qe6+ Kh7 56. Kh2 Kh6 57.
Qxa6 Qf5 58. f7+ Kg7 59. f8=Q+ Qxf8 60. Qxb5 Qf4+ 61. Kg1 Qc1+ 62. Kh2 Qf4+
63. g3 Qf2+ 64. Kh3 Qe3 65. Qd7+ Kg6 66. Qd6+ Kh7 67. Qd4 Qf3 68. Kh2 Kg6
69. Qd2 g4 70. c4 h4 71. gxh4 Qh3+ 72. Kg1 Qg3+ 73. Kf1 Qf3+ 74. Qf2 Qd3+
75. Kg1 Qxc4 76. h5+ Kh6 77. Qb6+ Kh7 78. b5 Qe2 79. Qc7+ Kh6 80. Qf4+ Kh7
81. b6 Qe1+ 82. Kg2 Qe2+ 83. Qf2 Qe4+ 84. Kg3 Qe5+ 85. Kxg4 Qg7+ 86. Kh3
Qd7+ 87. Kg2 Qg4+ 88. Kf1 Qd1+ 89. Kg2 Qg4+ 90. Kh1 Qh3+ 91. Kg1 Qg4+ 92.
Qg2 Qd1+ 93. Kh2 Qd6+ 94. Qg3 Qd2+ 95. Kh3 Qd7+ 96. Qg4 Qd3+ 97. Qg3 Qd7+
98. Kh2 Qd2+ 99. Kh1 Qd1+ 100. Kg2 Qd2+ 101. Qf2 Qd5+ 102. Kg1 Qd1+ 103. Qf1
Qd4+ 104. Qf2 Qd1+ 105. Kg2 Qd5+ 106. Kf1 Qd1+ 107. Qe1 Qd3+ 108. Kf2 Qf5+
109. Kg1 Qc5+ 110. Qf2 Qg5+ 111. Kh1 Qd5+ 112. Kh2 Qxh5+ 113. Kg1 Qg5+ 114.
Kf1 Qc1+ 115. Kg2 Qc6+ 116. Kh3 Qe6+ 117. Kh4 Qh6+ 118. Kg3 Qg6+ 119. Kf3
Qf6+ 120. Ke2 Qb2+ 121. Kf1 Qc1+ 122. Kg2 Qc6+ 123. Qf3 Qxb6 124. Qf7+ Kh8
125. Qf8+ Kh7 126. Qf7+ Kh8 127. Qf8+ Kh7 128. Qf7+ Kh8 129. Qf8+
{Game drawn by repetition}
1/2-1/2

[Event "ICC tourney 2918 (30 10)"]
[Site "Internet Chess Club"]
[Date "2022.05.21"]
[Round "3"]
[White "LIANG, YU-CHENG:Yucheng"]
[Black "Volkov, Sergey:Volkov"]
[Result "1-0"]
[ICCResult "Black resigns"]
[WhiteElo "1994"]
[BlackElo "2560"]
[Opening "QGD: semi-Slav"]
[ECO "D31"]
[NIC "SL.06"]
[Time "16:00:44"]
[PlyCount "63"]
[TimeControl "1800+10"]

1. d4 d5 2. c4 e6 3. Nc3 c6 4. e3 Bd6 5. Nf3 f5 6. Bd3 Nf6 7. O-O O-O 8. b3
Ne4 9. Bb2 Nd7 10. Ne2 Qf6 11. Qc2 g5 12. g3 g4 13. Nh4 Qh6 14. Bxe4 fxe4
15. Nf4 Be7 16. Qe2 Nf6 17. a4 a5 18. Ba3 Bxa3 19. Rxa3 Qg5 20. Ra2 Ne8 21.
Rd1 Nd6 22. c5 Nf7 23. Rc1 e5 24. dxe5 Nxe5 25. Rd1 Rf6 26. Rad2 Be6 27. Kh1
Rh6 28. Qf1 Rf8 29. Qg2 Bc8 30. Ra2 Qe7 31. Rc2 Rh5 32. Nxh5 {Black resigns}
1-0

[Event "ICC tourney 2918 (30 10)"]
[Site "Internet Chess Club"]
[Date "2022.05.21"]
[Round "3"]
[White "Shlyakhtenko, Robert:Robert0905"]
[Black "HU, ALEXANDER C:ahu1015"]
[Result "1-0"]
[ICCResult "Black resigns"]
[WhiteElo "2417"]
[BlackElo "2018"]
[Opening "Grünfeld: Three knights variation"]
[ECO "D90"]
[NIC "GI.07"]
[Time "16:00:16"]
[PlyCount "71"]
[TimeControl "1800+10"]

1. d4 Nf6 2. c4 g6 3. Nc3 d5 4. Nf3 Bg7 5. h4 h6 6. cxd5 Nxd5 7. e4 Nxc3 8.
bxc3 c5 9. Rb1 b6 10. Bb5+ Bd7 11. Be2 O-O 12. O-O cxd4 13. cxd4 Bg4 14. Be3
Nc6 15. d5 Na5 16. Nd4 Bxe2 17. Qxe2 Rc8 18. h5 e5 19. Nb5 Qd7 20. hxg6 f5
21. exf5 Rxf5 22. Rfc1 Rff8 23. Qd3 Rxc1+ 24. Bxc1 a6 25. Nc3 b5 26. Ne4 Rd8
27. d6 Qe6 28. Be3 Nc4 29. Rd1 Nb2 30. Qd5 Qxd5 31. Rxd5 Nc4 32. d7 Nxe3 33.
fxe3 Kf8 34. Nc5 Ke7 35. e4 a5 36. Kf1 {Black resigns} 1-0

[Event "ICC tourney 2918 (30 10)"]
[Site "Internet Chess Club"]
[Date "2022.05.21"]
[Round "3"]
[White "DENG, HENRY:SuperPuzzler"]
[Black "TANG, DYLAN:ruitang"]
[Result "1/2-1/2"]
[ICCResult "Game drawn by mutual agreement"]
[WhiteElo "2086"]
[BlackElo "1944"]
[Opening "Giuoco Piano"]
[ECO "C54"]
[NIC "IG.02"]
[Time "16:00:30"]
[PlyCount "73"]
[TimeControl "1800+10"]

1. e4 e5 2. Nf3 Nc6 3. Bc4 Bc5 4. c3 Nf6 5. d3 d6 6. O-O a5 7. Nbd2 O-O 8.
h3 h6 9. Re1 Be6 10. Bb5 Qb8 11. Nf1 Qa7 12. d4 exd4 13. Bxc6 dxc3 14. Ba4
Bxf2+ 15. Kh1 Bxe1 16. Qxe1 Qc5 17. bxc3 d5 18. Ng3 dxe4 19. Nxe4 Nxe4 20.
Qxe4 Qxc3 21. Bc2 g6 22. Qe5 Qxe5 23. Nxe5 h5 24. Bb2 Rfd8 25. Bc3 c6 26.
Kg1 Bd5 27. Bd3 b5 28. a3 b4 29. axb4 axb4 30. Rxa8 Rxa8 31. Bxb4 Ra1+ 32.
Kh2 Ra2 33. Bf1 Kg7 34. Nd7 f6 35. Bc3 Rf2 36. Kg1 Rf4 37. Bd2
{Game drawn by mutual agreement}
1/2-1/2

[Event "ICC tourney 2918 (30 10)"]
[Site "Internet Chess Club"]
[Date "2022.05.21"]
[Round "3"]
[White "GU, CRYSTAL JIUZHOU:fantasymoon"]
[Black "SINGH, HERSH:pyaru536"]
[Result "0-1"]
[ICCResult "White checkmated"]
[WhiteElo "1918"]
[BlackElo "2106"]
[Opening "Queen's pawn game"]
[ECO "E10"]
[NIC "QI.01"]
[Time "16:00:19"]
[PlyCount "114"]
[TimeControl "1800+10"]

1. d4 Nf6 2. c4 e6 3. Nf3 d5 4. g3 dxc4 5. Qa4+ Nbd7 6. Bg2 a6 7. Qxc4 b5 8.
Qc2 Bb7 9. Nbd2 c5 10. O-O Rc8 11. Qb1 Qb6 12. e3 Be7 13. b3 O-O 14. Bb2
Rfd8 15. Qd1 Nd5 16. Qe2 c4 17. bxc4 bxc4 18. Nxc4 Qb5 19. Nfd2 N7b6 20.
Rfc1 Bb4 21. a4 Nxa4 22. Rab1 Bxd2 23. Qxd2 Rxc4 24. Ba3 Rxc1+ 25. Qxc1 Qd7
26. e4 Ndc3 27. Rb2 Nxb2 28. Qxc3 Na4 29. Qb3 Rc8 30. d5 exd5 31. exd5 Nc3
32. Bb2 Bxd5 33. Bxd5 Qxd5 34. Qxd5 Nxd5 35. Bd4 a5 36. Kf1 a4 37. Ke2 a3
38. Kd2 a2 39. Ba1 Rb8 40. Kc2 Rb1 41. Bd4 a1=Q 42. Bxa1 Rxa1 43. Kd3 Rh1
44. h4 h5 45. Ke4 Nf6+ 46. Kf3 Ng4 47. Kg2 Ra1 48. Kf3 Ra2 49. Kg2 Rxf2+ 50.
Kg1 Kf8 51. Kh1 Ke7 52. Kg1 Ke6 53. Kh1 Ke5 54. Kg1 Ke4 55. Kh1 Kf3 56. Kg1
Kxg3 57. Kh1 Rf1# {White checkmated} 0-1

[Event "ICC tourney 2918 (30 10)"]
[Site "Internet Chess Club"]
[Date "2022.05.21"]
[Round "3"]
[White "SU, KENNETH:hpawnbomb"]
[Black "ARUTLA, ADITYA:adiaru27"]
[Result "1-0"]
[ICCResult "Black checkmated"]
[WhiteElo "2072"]
[BlackElo "1748"]
[Opening "French: Two knights variation"]
[ECO "C00"]
[NIC "FR.01"]
[Time "16:00:12"]
[PlyCount "45"]
[TimeControl "1800+10"]

1. e4 e6 2. Nf3 d5 3. Nc3 Nf6 4. e5 Nfd7 5. d4 c5 6. Bg5 Qb6 7. dxc5 Bxc5 8.
Qd2 Nc6 9. O-O-O Qa5 10. a3 a6 11. Kb1 O-O 12. Bf4 b5 13. Na2 Qb6 14. Bd3
Rb8 15. Bxh7+ Kxh7 16. Qd3+ g6 17. h4 Kg8 18. h5 Ne7 19. Ng5 b4 20. hxg6
Nxg6 21. Rh8+ Kxh8 22. Qh3+ Kg8 23. Qh7# {Black checkmated} 1-0

[Event "ICC tourney 2918 (30 10)"]
[Site "Internet Chess Club"]
[Date "2022.05.21"]
[Round "3"]
[White "REDDY, SATVIK:chesslead"]
[Black "CHEN, RYO WENYU:e4f5"]
[Result "1-0"]
[ICCResult "Black resigns"]
[WhiteElo "2133"]
[BlackElo "2284"]
[Opening "Sicilian: Richter-Rauzer, Rauzer attack"]
[ECO "B63"]
[NIC "SI.27"]
[Time "16:00:23"]
[PlyCount "97"]
[TimeControl "1800+10"]

1. e4 c5 2. Nf3 d6 3. d4 cxd4 4. Nxd4 Nf6 5. Nc3 Nc6 6. Bg5 e6 7. Qd2 Qb6 8.
Nb3 Be7 9. O-O-O a6 10. f4 Qc7 11. Bxf6 gxf6 12. g4 b5 13. Kb1 Bd7 14. f5
Ne5 15. Qf4 Rc8 16. Rd2 b4 17. Nd1 a5 18. Nd4 Nc4 19. Bxc4 Qxc4 20. fxe6
fxe6 21. Qh6 Qc5 22. Qg7 Rf8 23. Qxh7 Qg5 24. Nf3 Qg8 25. Qh5+ Rf7 26. h4
Rc5 27. g5 Kd8 28. Qg4 f5 29. exf5 Rcxf5 30. Nd4 Rd5 31. Ne3 e5 32. Qe4 Rxd4
33. Rxd4 exd4 34. Qa8+ Bc8 35. Nd5 Qf8 36. Re1 Rf5 37. Qxa5+ Ke8 38. Qa4+
Bd7 39. Qa8+ Kf7 40. Qb7 Qd8 41. Nxe7 Re5 42. Rxe5 dxe5 43. Nd5 Ke6 44. Nxb4
Qa5 45. g6 Qd8 46. h5 Qg5 47. a3 Qxh5 48. g7 Qg6 49. Qb6+ {Black resigns}
1-0

[Event "ICC tourney 2918 (30 10)"]
[Site "Internet Chess Club"]
[Date "2022.05.21"]
[Round "3"]
[White "MAMMADOV, ZAUR:zaur94"]
[Black "Tanenbaum, Zachary:MasterZachary"]
[Result "1-0"]
[ICCResult "Black resigns"]
[WhiteElo "2571"]
[BlackElo "2215"]
[Opening "Four knights game"]
[ECO "C47"]
[NIC "KP.06"]
[Time "16:00:14"]
[PlyCount "147"]
[TimeControl "1800+10"]

1. e4 e5 2. Nf3 Nc6 3. Nc3 Nf6 4. Be2 d5 5. exd5 Nxd5 6. O-O Nxc3 7. bxc3 e4
8. Nd4 Nxd4 9. cxd4 Qxd4 10. Rb1 Bd6 11. d3 O-O 12. dxe4 Qe5 13. g3 Qxe4 14.
Bd3 Qg4 15. Qxg4 Bxg4 16. Rxb7 Rfb8 17. Rb3 Be6 18. Be4 Bxb3 19. cxb3 a5 20.
Bxa8 Rxa8 21. Re1 f5 22. a4 Ra6 23. Bd2 Rb6 24. Re3 Bb4 25. Bxb4 Rxb4 26.
Kf1 f4 27. Rc3 fxg3 28. hxg3 Rb7 29. Ke2 Kf7 30. Kd3 Ke6 31. Kc2 Kd6 32.
Rd3+ Ke6 33. Rd8 Ra7 34. Kc3 h5 35. f4 c6 36. Rc8 Ra6 37. Re8+ Kf5 38. Re5+
Kg6 39. Kc4 Ra8 40. b4 axb4 41. Kxb4 h4 42. gxh4 Rf8 43. Rg5+ Kh7 44. f5 Re8
45. a5 Re4+ 46. Kc5 Rxh4 47. Kxc6 Kh6 48. Rg6+ Kh7 49. a6 Rh5 50. a7 Rxf5
51. Rxg7+ Kxg7 52. a8=Q Kf6 53. Kd6 Kg5 54. Ke6 Rf6+ 55. Ke7 Rf4 56. Qg2+
Kf5 57. Qc2+ Re4+ 58. Kd6 Kf4 59. Kd5 Re3 60. Kd4 Rf3 61. Qc7+ Kf5 62. Qe5+
Kg4 63. Ke4 Rf2 64. Qg7+ Kh3 65. Ke3 Rf1 66. Qg5 Rc1 67. Qh6+ Kg3 68. Qg6+
Kh4 69. Kf2 Rc5 70. Qe4+ Kh5 71. Kf3 Rc1 72. Qf5+ Kh6 73. Qf4+ Kh5 74. Qxc1
{Black resigns}
1-0

[Event "ICC tourney 2918 (30 10)"]
[Site "Internet Chess Club"]
[Date "2022.05.21"]
[Round "3"]
[White "YAN, RUIYANG:jy2020"]
[Black "Nguyen, Hoa Duc:leoman"]
[Result "0-1"]
[ICCResult "White resigns"]
[WhiteElo "2178"]
[BlackElo "2492"]
[Opening "Sicilian defense"]
[ECO "B32"]
[NIC "SI.32"]
[Time "16:00:37"]
[PlyCount "108"]
[TimeControl "1800+10"]

1. e4 c5 2. Nf3 Nc6 3. d4 cxd4 4. Nxd4 Qb6 5. Nb3 Nf6 6. Nc3 e6 7. Bd3 a6 8.
O-O Be7 9. Be3 Qc7 10. f4 d6 11. Qf3 O-O 12. Rae1 b5 13. a3 Bb7 14. Qg3 b4
15. axb4 Nxb4 16. f5 Kh8 17. fxe6 fxe6 18. Nd4 Bc8 19. Kh1 Rb8 20. Nce2 e5
21. Nf5 Bxf5 22. Rxf5 Nxd3 23. cxd3 Rxb2 24. Ng1 Qc2 25. Re2 Qb3 26. Rxb2
Qxb2 27. Qe1 Qc2 28. Qf1 Rb8 29. Rf2 Qb3 30. h3 a5 31. Kh2 a4 32. Bg5 Rf8
33. Nf3 a3 34. Nd2 Qb2 35. Bxf6 Bxf6 36. Nc4 Qc3 37. Nxd6 Kg8 38. Nc4 Qb3
39. Nd2 Qa4 40. Qa1 a2 41. Nc4 Ra8 42. Rb2 Qa7 43. Rb3 Qd4 44. Rb2 h5 45.
Nd2 Qxb2 46. Qxb2 a1=Q 47. Qb3+ Kh7 48. Qf7 h4 49. Nf3 Qc1 50. Qh5+ Qh6 51.
Qf5+ Qg6 52. Qe6 Qg3+ 53. Kh1 Ra1+ 54. Ng1 Qf2 {White resigns} 0-1

[Event "ICC tourney 2918 (30 10)"]
[Site "Internet Chess Club"]
[Date "2022.05.21"]
[Round "3"]
[White "SHEEHAN, ETHAN THOMAS:Chessking2008"]
[Black "CHIANG, JACOB:Cobysters"]
[Result "0-1"]
[ICCResult "White checkmated"]
[WhiteElo "2276"]
[BlackElo "1972"]
[Opening "English: Carls' Bremen system"]
[ECO "A22"]
[NIC "EO.10"]
[Time "16:00:19"]
[PlyCount "118"]
[TimeControl "1800+10"]

1. c4 Nf6 2. Nc3 e5 3. g3 Nc6 4. Bg2 g6 5. a3 Bg7 6. e3 O-O 7. Nge2 Re8 8.
O-O d6 9. d4 exd4 10. exd4 Bf5 11. Be3 Qd7 12. Qd2 Na5 13. Qd1 Nxc4 14. Bg5
Ne4 15. Nxe4 Bxe4 16. Bxe4 Rxe4 17. Qd3 Rae8 18. Qxc4 Rxe2 19. b4 Qg4 20.
Bf4 Qf3 21. Rac1 d5 22. Qc3 Qe4 23. Rfd1 Qf5 24. h4 c6 25. Qd3 Qh3 26. b5
cxb5 27. Be5 Rb2 28. Qc3 Re2 29. Qd3 Re4 30. Qxb5 Qe6 31. Bxg7 Kxg7 32. Qxb7
Rxh4 33. Qc6 Qh3 34. gxh4 Re4 35. Qc8 Rg4+ 36. Qxg4 Qxg4+ 37. Kf1 Qh3+ 38.
Ke2 Qxh4 39. Rc3 Qg4+ 40. Rf3 h5 41. Rd3 h4 42. Kf1 g5 43. Rfe3 Qf4 44. Re7
g4 45. Ke2 h3 46. Ree3 Qc7 47. Rc3 Qb6 48. Rg3 Qxd4 49. Rcd3 Qe4+ 50. Rde3
Qc2+ 51. Kf1 f5 52. Re1 d4 53. Kg1 d3 54. Rge3 d2 55. Re7+ Kf6 56. R1e6+ Kg5
57. f4+ Kxf4 58. Rd6 d1=Q+ 59. Rxd1 Qg2# {White checkmated} 0-1

[Event "ICC tourney 2918 (30 10)"]
[Site "Internet Chess Club"]
[Date "2022.05.21"]
[Round "3"]
[White "CHEN, JUSTIN:justinchess"]
[Black "GUSEINOV, GADIR:GGuseinov"]
[Result "0-1"]
[ICCResult "White resigns"]
[WhiteElo "2310"]
[BlackElo "2718"]
[Opening "King's Indian: Makagonov system (5.h3)"]
[ECO "E71"]
[NIC "KI.30"]
[Time "16:00:30"]
[PlyCount "146"]
[TimeControl "1800+10"]

1. d4 Nf6 2. c4 g6 3. Nc3 Bg7 4. e4 d6 5. h3 O-O 6. Bg5 Na6 7. Bd3 c6 8.
Nge2 e5 9. d5 Nc5 10. Bc2 a5 11. O-O Bd7 12. dxc6 Bxc6 13. Ng3 Ne6 14. Be3
h5 15. Qd2 Qe7 16. Rad1 Rfd8 17. Nd5 Bxd5 18. cxd5 Nf4 19. Ne2 Nxe2+ 20.
Qxe2 Kh7 21. Qd2 Qf8 22. Bd3 Bh6 23. f4 exf4 24. Bxf4 Ng8 25. Rf3 Qe7 26.
Rdf1 Rf8 27. Qf2 Bxf4 28. Rxf4 Kg7 29. Kh1 f6 30. Qb6 Rf7 31. R4f3 Nh6 32.
Qd4 Rc8 33. R1f2 Rc1+ 34. Kh2 Rc8 35. Rc2 Rff8 36. Rff2 Nf7 37. Qb6 a4 38.
a3 h4 39. Qd4 Qe5+ 40. Qxe5 dxe5 41. Kg1 Nd6 42. Rfe2 Rxc2 43. Rxc2 f5 44.
exf5 gxf5 45. Rc7+ Rf7 46. Rc5 e4 47. Bc2 Kf6 48. Bxa4 Ke5 49. b4 f4 50. Kf1
Rg7 51. Rc3 Kd4 52. Rc2 Rg3 53. Rd2+ Ke5 54. Ra2 Nc4 55. Bc6 bxc6 56. dxc6
Kd6 57. Rf2 f3 58. gxf3 exf3 59. b5 Rxh3 60. Kg1 Rg3+ 61. Kh2 Ne5 62. Rf1
Kc7 63. Kh1 Ng4 64. a4 Rh3+ 65. Kg1 f2+ 66. Kg2 Rg3+ 67. Kh1 h3 68. b6+ Kxc6
69. b7 Rg1+ 70. Rxg1 fxg1=Q+ 71. Kxg1 Kxb7 72. Kf1 Ka6 73. Ke2 h2
{White resigns}
0-1

[Event "ICC tourney 2918 (30 10)"]
[Site "Internet Chess Club"]
[Date "2022.05.21"]
[Round "3"]
[White "LIU, ERIC CHANG:el008"]
[Black "NATHAN, NITISH SG:K06-15494283"]
[Result "1-0"]
[ICCResult "Black checkmated"]
[WhiteElo "2059"]
[BlackElo "1971"]
[Opening "Sicilian: Labourdonnais-Löwenthal (Kalashnikov) variation"]
[ECO "B32"]
[NIC "SI.32"]
[Time "16:00:15"]
[PlyCount "157"]
[TimeControl "1800+10"]

1. e4 c5 2. Nf3 Nc6 3. d4 cxd4 4. Nxd4 e5 5. Nb5 d6 6. c4 Be7 7. N5c3 f5 8.
exf5 Bxf5 9. Bd3 Be6 10. Nd5 Nf6 11. Nbc3 a6 12. Be3 O-O 13. O-O Bxd5 14.
cxd5 Nb8 15. Bf5 Nbd7 16. Qd3 b6 17. b4 a5 18. a3 Nb8 19. Na4 Nbd7 20. Qb5
axb4 21. Nxb6 Nxb6 22. Bxb6 Qb8 23. Qxb4 Bd8 24. Be6+ Kh8 25. Bxd8 Qxd8 26.
Rab1 Nh5 27. g3 g6 28. Qc3 Ng7 29. Rb7 Rb8 30. Rfb1 Rxb7 31. Rxb7 Qf6 32. f3
h5 33. Qe3 g5 34. g4 hxg4 35. Bxg4 Nf5 36. Qe4 Ng7 37. Kg2 Qh6 38. a4 Ne8
39. Rb8 Qg7 40. Bh5 Nf6 41. Rxf8+ Qxf8 42. Qf5 Qg7 43. Bg6 Nxd5 44. Qh3+ Kg8
45. Qc8+ Qf8 46. Qe6+ Kg7 47. Qxd5 Kxg6 48. Qe6+ Kg7 49. a5 Qa8 50. Qe7+ Kh8
51. Qf6+ Kh7 52. Qe7+ Kh8 53. Qxd6 Qxa5 54. Qh6+ Kg8 55. Qxg5+ Kh8 56. h4
Qb5 57. Kg3 Qc5 58. Kg4 Qc4+ 59. Kf5 Qd3+ 60. Kg4 Qc4+ 61. Kg3 Qc5 62. Qh6+
Kg8 63. Qg6+ Kh8 64. Kg4 Qd5 65. Qh5+ Kg8 66. Qf5 Qd4+ 67. Kg5 Qe3+ 68. Kf6
Qb6+ 69. Qe6+ Qxe6+ 70. Kxe6 e4 71. fxe4 Kg7 72. e5 Kf8 73. Kd7 Kf7 74. e6+
Kg6 75. e7 Kh7 76. e8=Q Kg7 77. Ke7 Kh7 78. Kf6 Kh6 79. Qh8# {Black
checkmated} 1-0

[Event "ICC tourney 2918 (30 10)"]
[Site "Internet Chess Club"]
[Date "2022.05.21"]
[Round "4"]
[White "CHIANG, JACOB:Cobysters"]
[Black "CHEN, JUSTIN:justinchess"]
[Result "0-1"]
[ICCResult "White resigns"]
[WhiteElo "1972"]
[BlackElo "2310"]
[Opening "English opening"]
[ECO "E12"]
[NIC "EO.63"]
[Time "18:00:35"]
[PlyCount "76"]
[TimeControl "1800+10"]

1. c4 b6 2. d4 Bb7 3. Nc3 Nf6 4. Nf3 e6 5. e3 Bb4 6. Bd3 c5 7. O-O O-O 8.
Qc2 Bxf3 9. gxf3 cxd4 10. exd4 Nc6 11. Be3 Rc8 12. Qe2 d5 13. Rad1 dxc4 14.
Bxc4 Bxc3 15. bxc3 Na5 16. Bd3 Nd5 17. Bd2 Nxc3 18. Bxc3 Rxc3 19. Qe4 g6 20.
Kh1 Qf6 21. Rg1 Rd8 22. Rg4 Rxd4 23. Qxd4 Qxf3+ 24. Kg1 Qxd1+ 25. Bf1 Rc1
26. Qxd1 Rxd1 27. Kg2 Kf8 28. Rh4 h5 29. a4 Ke7 30. Bb5 f5 31. Rh3 Nb7 32.
Rg3 Kf6 33. Be8 g5 34. Bxh5 Ra1 35. Bf3 Nc5 36. Bc6 Nxa4 37. Rd3 Nc5 38. Re3
a5 {White resigns} 0-1

[Event "ICC tourney 2918 (30 10)"]
[Site "Internet Chess Club"]
[Date "2022.05.21"]
[Round "4"]
[White "QUIRKE, JEFFREY L:PawnEatingZombi"]
[Black "DENG, HENRY:SuperPuzzler"]
[Result "1-0"]
[ICCResult "Black checkmated"]
[WhiteElo "2029"]
[BlackElo "2086"]
[Opening "King's Indian: orthodox, 7...Nbd7"]
[ECO "E94"]
[NIC "KI.13"]
[Time "18:00:17"]
[PlyCount "87"]
[TimeControl "1800+10"]

1. d4 Nf6 2. c4 d6 3. Nc3 e5 4. Nf3 Nbd7 5. e4 g6 6. Be2 Bg7 7. O-O O-O 8.
Be3 Qe7 9. dxe5 dxe5 10. Nd5 Nxd5 11. cxd5 f5 12. Rc1 f4 13. Bd2 Nf6 14. Qb3
Qe8 15. Rxc7 Nxe4 16. Bb4 Rf7 17. d6 Be6 18. Bc4 Bxc4 19. Qxc4 a5 20. d7 Qd8
21. Be7 Qxc7 22. Qxc7 Rxe7 23. d8=Q+ Rxd8 24. Qxd8+ Kf7 25. Qd5+ Kf6 26.
Qxe4 Kf7 27. Rd1 Bf6 28. h4 h5 29. Rd6 Kg7 30. Ng5 Kf8 31. Rxf6+ Ke8 32.
Qxg6+ Kd7 33. Rf7 Rxf7 34. Qxf7+ Kc6 35. Qc4+ Kd6 36. Ne4+ Ke7 37. Qc5+ Ke6
38. Qd6+ Kf7 39. Qf6+ Ke8 40. Qg7 Kd8 41. Nc5 Ke8 42. Qd7+ Kf8 43. Ne6+ Kg8
44. Qg7# {Black checkmated} 1-0

[Event "ICC tourney 2918 (30 10)"]
[Site "Internet Chess Club"]
[Date "2022.05.21"]
[Round "4"]
[White "NATHAN, NITISH SG:K06-15494283"]
[Black "ARUTLA, ADITYA:adiaru27"]
[Result "1-0"]
[ICCResult "Black checkmated"]
[WhiteElo "1971"]
[BlackElo "1748"]
[Opening "Queen's pawn, Mason variation, Steinitz counter-gambit"]
[ECO "D00"]
[NIC "QP.08"]
[Time "18:00:08"]
[PlyCount "135"]
[TimeControl "1800+10"]

1. d4 d5 2. Bf4 c5 3. e3 Nc6 4. c3 Bf5 5. Nd2 Qb6 6. Qc1 e6 7. Ngf3 Rc8 8.
Be2 Nf6 9. h3 Be7 10. O-O O-O 11. dxc5 Bxc5 12. Nb3 Rfe8 13. Nxc5 Qxc5 14.
Ne5 Nxe5 15. Bxe5 Nd7 16. Bg3 e5 17. Qd2 Nf6 18. Bf3 Be4 19. Be2 Bf5 20. Bf3
Be4 21. Be2 Bg6 22. Bf3 Bh5 23. Bxh5 Nxh5 24. Bh2 f5 25. Rfd1 Nf6 26. Rac1
Rcd8 27. Qc2 Ne4 28. Re1 g6 29. Kh1 Rf8 30. Bxe5 Qe7 31. Bh2 Qh4 32. Kg1 h5
33. Rf1 Rde8 34. Rcd1 g5 35. Rxd5 g4 36. Qb3 Kh7 37. Qxb7+ Kh8 38. Rd7 Qg5
39. h4 Qg6 40. Qc7 Nf6 41. Rd6 Rf7 42. Qc6 Kh7 43. Bf4 Rg8 44. Bg5 Re8 45.
Rxf6 Rxf6 46. Qxf6 Qxf6 47. Bxf6 Rb8 48. c4 Rb6 49. Bd4 Rb4 50. b3 a5 51.
Bc3 Rb7 52. Bxa5 f4 53. exf4 g3 54. fxg3 Kg6 55. f5+ Kh6 56. f6 Rf7 57. Bd2+
Kg6 58. Bg5 Kh7 59. Re1 Kg6 60. Re7 Kf5 61. Rxf7 Kg4 62. Re7 Kf5 63. Re5+
Kg4 64. Re4+ Kxg3 65. Re1 Kg4 66. f7 Kg3 67. f8=Q Kg4 68. Qf3#
{Black checkmated}
1-0

[Event "ICC tourney 2918 (30 10)"]
[Site "Internet Chess Club"]
[Date "2022.05.21"]
[Round "4"]
[White "GU, CRYSTAL JIUZHOU:fantasymoon"]
[Black "SHEEHAN, ETHAN THOMAS:Chessking2008"]
[Result "0-1"]
[ICCResult "White checkmated"]
[WhiteElo "1918"]
[BlackElo "2276"]
[Opening "Queen's gambit declined"]
[ECO "D30"]
[NIC "QP.08"]
[Time "18:00:14"]
[PlyCount "74"]
[TimeControl "1800+10"]

1. d4 d5 2. c4 e6 3. Nf3 a6 4. Nbd2 Nf6 5. g3 b6 6. Bg2 Bb7 7. O-O Be7 8. b3
O-O 9. Bb2 Nbd7 10. Qc2 c5 11. Rfd1 Qc7 12. Rac1 Rac8 13. e3 Rfd8 14. cxd5
exd5 15. Ba3 Qb8 16. Qd3 Bf8 17. dxc5 bxc5 18. Qe2 Re8 19. Qd3 Rcd8 20. Bh3
Qa8 21. Qb1 d4 22. Bxd7 Rxd7 23. e4 Nxe4 24. Re1 Nc3 25. Qd3 c4 26. Nxc4
Bxa3 27. Nb6 Qd8 28. Nxd7 Bxc1 29. Nde5 Bh6 30. Nxd4 Nb5 31. Qf5 Qd5 32.
Ndf3 Nd4 33. Kg2 Nxf5 34. Re2 Nd4 35. Re1 Nxf3 36. Nxf3 Qxf3+ 37. Kh3 Qh5#
{White checkmated}
0-1